AoeStats
← blaswichj

Arabia

509973192Analyzed
1v1 RM · 4d ago on Sep 28, 2026· 27m 54s· 2 players
Game mode
Random Map
Map size
Tiny (2 player)
Population
200
Speed
Normal
Resources
Standard
Victory
Conquest
Starting age
Dark Age
Ending age
Imperial Age
RankedLock teamsTeams togetherTeam positionsShared explorationLock speedFull tech treeHidden civsTurbo modeCheats
Victory
Defeat
🇺🇸 Koreans · United States
778
+37
🇻🇪 Dravidians · Venezuela
776
-40
blaswichj
7:33 Loom
10:40 Feudal Age
13:46 Wheelbarrow
12:55 Horse Collar
13:03 Double-Bit Axe
14:58 Town Watch
22:23 Castle Age
25:06 Bow Saw
24:59 Heavy Plow
24:54 Gold Mining
25:52 Hand Cart
27:02 Husbandry
27:30 Ballistics
Kale
8:51 Loom
10:47 Feudal Age
11:42 Double-Bit Axe
11:39 Horse Collar
16:55 Wheelbarrow
21:05 Castle Age
20:52 Gold Mining
23:00 Hand Cart
26:28 Husbandry
26:43 Scale Barding Armor
26:49 Forging
Connection lost

Rejoining the realm…

Still unreachable

The connection could not be restored.

Session expired

The server has moved on; the page needs a fresh start.